Santa Cruz Tiger Sharks vs Ste. Rose Royals
Created - Thursday, May 11, 2023 at 07:49
Goals
|
| Santa Cruz Tiger Sharks |
1 |
1 |
1 |
0 |
0 |
3 |
| Ste. Rose Royals |
1 |
0 |
2 |
0 |
1 |
4 |
|
Shots
|
| Santa Cruz Tiger Sharks |
11 |
13 |
21 |
1 |
3 |
46 |
| Ste. Rose Royals |
7 |
13 |
9 |
2 |
2 |
31 |
|
1st period
1. Santa Cruz Tiger Sharks , Kieffer Bellows 18 (Alexander Volkov 16, Calle Rosen 23) at 0:52
2. Ste. Rose Royals , Ryan Poehling 17 (Matthew Peca 23, Jaycob Megna 19) at 14:04
Penalties :
Mark Borowiecki (BWK) for Holding (Minor) at 9:07
2nd period
3. Santa Cruz Tiger Sharks , David Gustafsson 9 (Steven Lorentz 7) at 8:59
Penalties :
Noel Acciari (BWK) for Fighting (Major) at 9:00, Wyatt Kalynuk (SCS) for Fighting (Major) at 9:00, Mark Borowiecki (BWK) for Holding (Minor) at 13:29
3rd period
4. Santa Cruz Tiger Sharks , Michael McLeod 16 (Sean Day 8, Travis Boyd 28) at 0:14
5. Ste. Rose Royals , Trevor Lewis 11 (Joel Armia 32, Mike Reilly 22) at 0:42
6. Ste. Rose Royals , Derek Ryan 18 (Kaapo Kakko 42, Mike Reilly 23) at 19:42 (PP)
Penalties :
Noel Acciari (BWK) for Hooking (Minor) at 13:33, Jesper Boqvist (SCS) for Slashing (Minor) at 14:09, Hunter Drew (SCS) for Hooking (Minor) at 19:06
Overtime #1
No Goal
Penalties :
No Penalty
Shootout
Santa Cruz Tiger Sharks, Jack Roslovic - Stopped by Chris Driedger
Ste. Rose Royals, Noel Acciari - Goal!
Santa Cruz Tiger Sharks, Kailer Yamamoto - Stopped by Chris Driedger
Ste. Rose Royals, Trevor Lewis - Stopped by Mikhail Berdin
Santa Cruz Tiger Sharks, Michael McLeod - Stopped by Chris Driedger
Penalties :
No Penalty
Goalie Stats
Mikhail Berdin (SCS), 28 saves from 31 shots - (0.903), OTL, 11-7-2, 65:00 minutes
Chris Driedger (BWK), 43 saves from 46 shots - (0.935), W, 21-10-0, 64:19 minutes
Players Stats for Santa Cruz Tiger Sharks
Player Name G A P +/- PIM S H SB GA TA FO MP PP MP PK MP
------------------------------------------------------------------------------------
Alexander Volkov 0 1 1 1 0 2 3 0 0 0 0/0 14:39 0:00 0:40
Austin Strand 0 0 0 0 0 2 0 0 0 0 0/0 25:07 2:19 0:21
Calle Rosen 0 1 1 0 0 1 0 1 0 1 0/0 24:54 2:15 0:51
David Gustafsson 1 0 1 1 0 6 2 1 1 0 3/7 12:11 0:06 0:30
Evgeny Svechnikov 0 0 0 1 0 3 2 0 1 0 0/0 10:39 0:01 0:00
Hunter Drew 0 0 0 1 2 0 2 0 0 0 0/0 16:18 0:00 0:00
Jack Roslovic 0 0 0 0 0 1 1 0 1 1 10/17 19:17 2:14 0:00
Jesper Boqvist 0 0 0 -1 2 5 1 1 0 0 2/2 16:26 2:13 0:00
Kailer Yamamoto 0 0 0 0 0 5 1 0 0 0 1/1 19:24 2:14 0:00
Kevin Rooney 0 0 0 1 0 2 2 0 2 0 3/6 15:21 0:01 0:40
Kieffer Bellows 1 0 1 1 0 7 0 0 1 0 1/1 13:29 0:00 0:00
Michael McLeod 1 0 1 -1 0 2 1 0 0 1 11/18 19:15 2:19 0:02
Sean Day 0 1 1 0 0 2 0 2 0 1 0/0 23:34 2:15 0:51
Steven Lorentz 0 1 1 1 0 1 1 0 0 0 0/1 10:52 0:00 0:30
Tobias Bjornfot 0 0 0 0 0 2 3 0 0 0 0/0 25:23 2:19 0:21
Travis Boyd 0 1 1 -1 0 3 3 1 1 0 1/1 16:32 2:19 0:00
Wyatt Kalynuk 0 0 0 1 5 0 1 2 1 3 0/0 14:42 0:00 0:00
Zach Sanford 0 0 0 0 0 2 1 0 1 0 0/0 19:19 2:14 0:02
Players Stats for Ste. Rose Royals
Player Name G A P +/- PIM S H SB GA TA FO MP PP MP PK MP
------------------------------------------------------------------------------------
Brendan Perlini 0 0 0 0 0 1 1 0 0 0 0/0 8:22 0:10 1:05
Colin Blackwell 0 0 0 0 0 4 1 0 0 1 0/0 17:27 0:40 0:00
Derek Ryan 1 0 1 0 0 3 0 1 0 0 5/8 19:37 0:40 0:55
Greg Pateryn 0 0 0 -2 0 5 0 1 0 0 0/0 22:33 0:15 2:05
Grigori Denisenko 0 0 0 0 0 0 2 0 0 1 0/1 6:24 0:00 0:00
Jaycob Megna 0 1 1 1 0 1 2 1 1 2 0/0 28:39 0:57 2:29
Joel Armia 0 1 1 -1 0 2 1 0 0 1 0/0 19:35 0:22 0:55
Joel Hanley 0 0 0 0 0 0 1 0 0 0 0/0 14:59 0:00 1:11
Kaapo Kakko 0 1 1 0 0 3 0 0 1 1 1/1 17:27 0:40 0:00
Klim Kostin 0 0 0 0 0 1 2 0 0 0 0/0 12:36 0:00 0:00
Kristian Vesalainen 0 0 0 0 0 0 0 0 0 0 1/8 6:08 0:00 0:00
Mark Borowiecki 0 0 0 -2 4 0 2 1 0 1 0/0 20:27 0:15 0:00
Matthew Peca 0 1 1 0 0 5 1 1 0 0 2/5 15:29 0:10 0:00
Mike Reilly 0 2 2 1 0 1 1 0 2 1 0/0 28:39 0:57 2:29
Nathan Beaulieu 0 0 0 0 0 0 2 2 0 0 0/0 14:42 0:00 0:54
Noel Acciari 0 0 0 -1 7 0 2 1 2 0 11/27 22:29 0:32 1:48
Ryan Poehling 1 0 1 0 0 2 2 0 0 0 2/3 15:35 0:00 1:58
Trevor Lewis 1 0 1 -1 0 3 1 0 1 1 0/1 22:58 0:22 2:34
3 Stars
1 - Chris Driedger (BWK)
2 - Mike Reilly (BWK)
3 - David Gustafsson (SCS)
Power Play
Santa Cruz Tiger Sharks - 0 on 3 Attempt(s) - 0.00%
Ste. Rose Royals - 1 on 2 Attempt(s) - 50.00%
Penalty Kill
Santa Cruz Tiger Sharks - 1 on 2 Attempt(s) - 50.00%
- Score 0 goal in Penalty Kill
Ste. Rose Royals - 3 on 3 Attempt(s) - 100.00%
- Score 0 goal in Penalty Kill
Team Stat
Santa Cruz Tiger Sharks - Hits : 24 - Faceoff Wins : 32 - Blocked Shots : 8 - Penalty Minutes : 9
Ste. Rose Royals - Hits : 21 - Faceoff Wins : 22 - Blocked Shots : 8 - Penalty Minutes : 11
Official
Referees : TJ Luxmore and Dave Jackson
Linesman : Bryan Pancich and Lonnie Cameron
Game Notes
Noel Acciari and Wyatt Kalynuk fight to a draw at 9:00 of 2nd period
0:14 of 3rd period - Santa Cruz Tiger Sharks goal is going for a video replay. After video review, Goal.
Santa Cruz Tiger Sharks
5 vs 5 Forward
Center Left Wing Right Wing Time % Phy DF OF
1 Jack Roslovic Zach Sanford Kailer Yamamoto 30 1 2 2
2 Michael McLeod Travis Boyd Jesper Boqvist 30 1 2 2
3 Kevin Rooney Kieffer Bellows Alexander Volkov 25 1 2 2
4 David Gustafsson Evgeny Svechnikov Steven Lorentz 15 1 2 2
5 vs 5 Defense
Defense Defense Time % Phy DF OF
1 Tobias Bjornfot Austin Strand 35 1 2 2
2 Calle Rosen Sean Day 35 1 2 2
3 Hunter Drew Wyatt Kalynuk 30 1 2 2
4 Tobias Bjornfot Austin Strand 0 1 2 2
PowerPlay Forward
Center Left Wing Right Wing Time % Phy DF OF
1 Jack Roslovic Zach Sanford Kailer Yamamoto 50 1 2 2
2 Michael McLeod Travis Boyd Jesper Boqvist 50 1 2 2
PowerPlay Defense
Defense Defense Time % Phy DF OF
1 Tobias Bjornfot Austin Strand 50 1 2 2
2 Calle Rosen Sean Day 50 1 2 2
Penalty Kill 4 Players Forward
Center Wing Time % Phy DF OF
1 Kevin Rooney Alexander Volkov 50 1 2 2
2 David Gustafsson Steven Lorentz 50 1 2 2
Penalty Kill 4 Players Defense
Defense Defense Time % Phy DF OF
1 Tobias Bjornfot Austin Strand 50 1 2 2
2 Calle Rosen Sean Day 50 1 2 2
Penalty Kill - 3 Players Forward
Forward Time % Phy DF OF
1 Kevin Rooney 50 1 2 2
2 David Gustafsson 50 1 2 2
Penalty Kill - 3 Players Defense
Defense Defense Time % Phy DF OF
1 Tobias Bjornfot Austin Strand 50 1 2 2
2 Calle Rosen Sean Day 50 1 2 2
4 vs 4 Forward
Center Wing Time % Phy DF OF
1 Jack Roslovic Kailer Yamamoto 50 1 2 2
2 Michael McLeod Zach Sanford 50 1 2 2
4 vs 4 Defense
Defense Defense Time % Phy DF OF
1 Tobias Bjornfot Austin Strand 50 1 2 2
2 Calle Rosen Sean Day 50 1 2 2
Last Minutes Offensive
Center Left Wing Right Wing Defense Defense
Jack Roslovic Zach Sanford Kailer Yamamoto Tobias Bjornfot Austin Strand
Last Minutes Defensive
Center Left Wing Right Wing Defense Defense
Kevin Rooney David Gustafsson Alexander Volkov Tobias Bjornfot Austin Strand
Goaltenders
Starting : Mikhail Berdin
Backup : Carter Hart
Extra Forwards
Normal : David Gustafsson, Kevin Rooney, Alexander Volkov - PP : David Gustafsson, Kevin Rooney - PK : Alexander Volkov
Extra Defensemen
Normal : Hunter Drew, Wyatt Kalynuk, Calle Rosen - PP : Hunter Drew - PK : Wyatt Kalynuk, Calle Rosen
Penalty Shots
Jack Roslovic, Kailer Yamamoto, Michael McLeod, Zach Sanford, Travis Boyd
Ste. Rose Royals
5 vs 5 Forward
Center Left Wing Right Wing Time % Phy DF OF
1 Noel Acciari Joel Armia Trevor Lewis 40 1 2 2
2 Derek Ryan Colin Blackwell Kaapo Kakko 30 1 2 2
3 Matthew Peca Ryan Poehling Klim Kostin 20 1 2 2
4 Noel Acciari Brendan Perlini Grigori Denisenko 10 1 2 2
5 vs 5 Defense
Defense Defense Time % Phy DF OF
1 Jaycob Megna Mike Reilly 40 1 2 2
2 Mark Borowiecki Greg Pateryn 30 1 2 2
3 Nathan Beaulieu Joel Hanley 20 1 2 2
4 Jaycob Megna Mike Reilly 10 1 2 2
PowerPlay Forward
Center Left Wing Right Wing Time % Phy DF OF
1 Noel Acciari Joel Armia Trevor Lewis 60 1 2 2
2 Derek Ryan Colin Blackwell Kaapo Kakko 40 1 2 2
PowerPlay Defense
Defense Defense Time % Phy DF OF
1 Jaycob Megna Mike Reilly 60 1 2 2
2 Mark Borowiecki Greg Pateryn 40 1 2 2
Penalty Kill 4 Players Forward
Center Wing Time % Phy DF OF
1 Noel Acciari Trevor Lewis 60 1 2 2
2 Derek Ryan Joel Armia 40 1 2 2
Penalty Kill 4 Players Defense
Defense Defense Time % Phy DF OF
1 Jaycob Megna Mike Reilly 60 1 2 2
2 Mark Borowiecki Greg Pateryn 40 1 2 2
Penalty Kill - 3 Players Forward
Forward Time % Phy DF OF
1 Noel Acciari 60 1 2 2
2 Trevor Lewis 40 1 2 2
Penalty Kill - 3 Players Defense
Defense Defense Time % Phy DF OF
1 Jaycob Megna Mike Reilly 60 1 2 2
2 Mark Borowiecki Greg Pateryn 40 1 2 2
4 vs 4 Forward
Center Wing Time % Phy DF OF
1 Noel Acciari Trevor Lewis 60 1 2 2
2 Derek Ryan Joel Armia 40 1 2 2
4 vs 4 Defense
Defense Defense Time % Phy DF OF
1 Jaycob Megna Mike Reilly 60 1 2 2
2 Mark Borowiecki Greg Pateryn 40 1 2 2
Last Minutes Offensive
Center Left Wing Right Wing Defense Defense
Noel Acciari Joel Armia Trevor Lewis Jaycob Megna Mike Reilly
Last Minutes Defensive
Center Left Wing Right Wing Defense Defense
Noel Acciari Joel Armia Trevor Lewis Jaycob Megna Mike Reilly
Goaltenders
Starting : Chris Driedger
Backup : Pavel Francouz
Extra Forwards
Normal : Kristian Vesalainen, Matthew Peca, Ryan Poehling - PP : Kristian Vesalainen, Matthew Peca - PK : Ryan Poehling
Extra Defensemen
Normal : Nathan Beaulieu, Joel Hanley, Mark Borowiecki - PP : Nathan Beaulieu - PK : Joel Hanley, Mark Borowiecki
Penalty Shots
Noel Acciari, Trevor Lewis, Derek Ryan, Joel Armia, Kaapo Kakko
% Time on Ice - Santa Cruz Tiger Sharks
Lines # - Real PCT - Wanted PCT - Time Play
Normal Forward
1 - 28% - 30% - 14:35
2 - 27% - 30% - 14:13
3 - 26% - 25% - 13:29
4 - 20% - 15% - 10:22
Normal Defense
1 - 37% - 35% - 19:35
2 - 33% - 35% - 17:37
3 - 29% - 30% - 15:27
4 - 0% - 0% - 0:00
PP Forward
1 - 49% - 50% - 2:15
2 - 51% - 50% - 2:19
PP Defense
1 - 51% - 50% - 2:19
2 - 49% - 50% - 2:15
PK Forward
1 - 56% - 50% - 0:40
2 - 44% - 50% - 0:32
PK Defense
1 - 29% - 50% - 0:21
2 - 71% - 50% - 0:51
PK3 Forward
1 - 0% - 50%
2 - 0% - 50%
PK3 Defense
1 - 0% - 50%
2 - 0% - 50%
44 Forward
1 - 53% - 50% - 3:24
2 - 47% - 50% - 2:59
44 Defense
1 - 55% - 50% - 3:32
2 - 45% - 50% - 2:51
Last Minute Offensive - 0:00
Last Minute Defensive - 0:12
Total
Forward - 65:00
Defense - 65:00
|
% Time on Ice - Ste. Rose Royals
Lines # - Real PCT - Wanted PCT - Time Play
Normal Forward
1 - 32% - 40% - 16:54
2 - 32% - 30% - 16:48
3 - 24% - 20% - 12:36
4 - 12% - 10% - 6:24
Normal Defense
1 - 37% - 40% - 19:15
2 - 34% - 30% - 17:49
3 - 24% - 20% - 12:53
4 - 5% - 10% - 2:45
PP Forward
1 - 44% - 60% - 0:32
2 - 56% - 40% - 0:40
PP Defense
1 - 79% - 60% - 0:57
2 - 21% - 40% - 0:15
PK Forward
1 - 80% - 60% - 3:39
2 - 20% - 40% - 0:55
PK Defense
1 - 54% - 60% - 2:29
2 - 46% - 40% - 2:05
PK3 Forward
1 - 0% - 60%
2 - 0% - 40%
PK3 Defense
1 - 0% - 60%
2 - 0% - 40%
44 Forward
1 - 81% - 60% - 5:09
2 - 19% - 40% - 1:14
44 Defense
1 - 57% - 60% - 3:38
2 - 43% - 40% - 2:45
Last Minute Offensive - 0:09
Last Minute Defensive - 0:00
Total
Forward - 65:00
Defense - 65:00
|
Play-by-Play
1st period
0:01 of 1st period - Jack Roslovic wins face-off versus Noel Acciari in neutral zone.
0:04 of 1st period - Joel Armia is hit by Tobias Bjornfot and loses puck.
0:25 of 1st period - Jaycob Megna is hit by Travis Boyd and loses puck.
0:44 of 1st period - Snap shot by Kieffer Bellows.
0:44 of 1st period - Stopped by Chris Driedger with a rebound.
0:46 of 1st period - Snap shot by Alexander Volkov.
0:46 of 1st period - Shot Hit the Post.
0:52 of 1st period - Wrist shot by Kieffer Bellows.
0:52 of 1st period - Goal by Kieffer Bellows - Santa Cruz Tiger Sharks : 1 - Ste. Rose Royals : 0.
0:53 of 1st period - Noel Acciari wins face-off versus David Gustafsson in neutral zone.
0:56 of 1st period - Snap shot by Noel Acciari.
0:56 of 1st period - Shot Misses the Net.
0:58 of 1st period - Wrist shot by Noel Acciari.
0:58 of 1st period - Shot Misses the Net.
1:09 of 1st period - Icing by Steven Lorentz.
1:10 of 1st period - Noel Acciari wins face-off versus David Gustafsson in Santa Cruz Tiger Sharks zone.
1:25 of 1st period - Evgeny Svechnikov is hit by Trevor Lewis and loses puck.
3:02 of 1st period - Snap shot by Colin Blackwell.
3:02 of 1st period - Stopped by Mikhail Berdin with a rebound.
3:08 of 1st period - Wrist shot by Kaapo Kakko.
3:08 of 1st period - Deflect By Colin Blackwell.
3:08 of 1st period - Shot Blocked by David Gustafsson.
3:08 of 1st period - Puck is out of play.
3:09 of 1st period - Noel Acciari wins face-off versus Michael McLeod in Santa Cruz Tiger Sharks zone.
3:12 of 1st period - Wrist shot by Noel Acciari.
3:12 of 1st period - Deflect By Joel Armia.
3:12 of 1st period - Shot Blocked by Sean Day.
3:12 of 1st period - Puck is out of play.
3:13 of 1st period - Michael McLeod wins face-off versus Noel Acciari in Santa Cruz Tiger Sharks zone.
3:24 of 1st period - Slapshot by Travis Boyd.
3:24 of 1st period - Stopped by Chris Driedger without a rebound.
3:25 of 1st period - Jack Roslovic wins face-off versus Matthew Peca in Ste. Rose Royals zone.
3:41 of 1st period - Slapshot by Kailer Yamamoto.
3:41 of 1st period - Stopped by Chris Driedger with a rebound.
4:12 of 1st period - Slapshot by Grigori Denisenko.
4:12 of 1st period - Deflect By Noel Acciari.
4:12 of 1st period - Shot Misses the Net.
4:12 of 1st period - Puck is out of play.
4:13 of 1st period - Jesper Boqvist wins face-off versus Noel Acciari in Santa Cruz Tiger Sharks zone.
4:34 of 1st period - Slapshot by Jesper Boqvist.
4:34 of 1st period - Stopped by Chris Driedger with a rebound.
4:58 of 1st period - Wrist shot by Travis Boyd.
4:58 of 1st period - Stopped by Chris Driedger with a rebound.
5:00 of 1st period - Slapshot by Austin Strand.
5:00 of 1st period - Stopped by Chris Driedger with a rebound.
5:02 of 1st period - Slapshot by Austin Strand.
5:02 of 1st period - Shot Misses the Net.
5:21 of 1st period - Snap shot by Jack Roslovic.
5:21 of 1st period - Shot Blocked by Jaycob Megna.
5:29 of 1st period - Snap shot by Colin Blackwell.
5:29 of 1st period - Stopped by Mikhail Berdin with a rebound.
6:23 of 1st period - Wrist shot by Trevor Lewis.
6:23 of 1st period - Stopped by Mikhail Berdin without a rebound.
6:24 of 1st period - Kristian Vesalainen wins face-off versus Jack Roslovic in Santa Cruz Tiger Sharks zone.
6:37 of 1st period - Snap shot by Jack Roslovic.
6:37 of 1st period - Shot Misses the Net.
6:39 of 1st period - Slapshot by Sean Day.
6:39 of 1st period - Stopped by Chris Driedger with a rebound.
6:49 of 1st period - Kevin Rooney is hit by Jaycob Megna and loses puck.
7:14 of 1st period - Tobias Bjornfot is hit by Ryan Poehling.
7:40 of 1st period - Austin Strand is hit by Noel Acciari and loses puck.
8:01 of 1st period - Slapshot by Kaapo Kakko.
8:01 of 1st period - Stopped by Mikhail Berdin without a rebound.
8:02 of 1st period - Derek Ryan wins face-off versus Jack Roslovic in Santa Cruz Tiger Sharks zone.
8:13 of 1st period - Mike Reilly is hit by Zach Sanford and loses puck.
8:56 of 1st period - Wrist shot by Jesper Boqvist.
8:56 of 1st period - Stopped by Chris Driedger without a rebound.
8:57 of 1st period - Jack Roslovic wins face-off versus Noel Acciari in Ste. Rose Royals zone.
9:07 of 1st period - Minor Penalty to Mark Borowiecki for Holding.
9:08 of 1st period - Noel Acciari wins face-off versus Jack Roslovic in Ste. Rose Royals zone.
11:07 of 1st period - Penalty to Mark Borowiecki is over, Mark Borowiecki is back on ice.
11:19 of 1st period - Snap shot by David Gustafsson.
11:19 of 1st period - Shot Blocked by Nathan Beaulieu.
12:31 of 1st period - Derek Ryan is hit by Alexander Volkov and loses puck.
13:06 of 1st period - Steven Lorentz is hit by Mark Borowiecki and loses puck.
13:22 of 1st period - Icing by Alexander Volkov.
13:23 of 1st period - Derek Ryan wins face-off versus Kevin Rooney in Santa Cruz Tiger Sharks zone.
13:24 of 1st period - Slapshot by Kaapo Kakko.
13:24 of 1st period - Stopped by Mikhail Berdin without a rebound.
13:25 of 1st period - Derek Ryan wins face-off versus Kevin Rooney in Santa Cruz Tiger Sharks zone.
13:30 of 1st period - Snap shot by Colin Blackwell.
13:30 of 1st period - Shot Blocked by Calle Rosen.
13:50 of 1st period - Snap shot by Matthew Peca.
13:50 of 1st period - Shot Misses the Net.
13:52 of 1st period - Snap shot by Ryan Poehling.
13:52 of 1st period - Deflect By Matthew Peca.
13:52 of 1st period - Stopped by Mikhail Berdin without a rebound.
13:53 of 1st period - Matthew Peca wins face-off versus Michael McLeod in Santa Cruz Tiger Sharks zone.
13:54 of 1st period - Snap shot by Ryan Poehling.
13:54 of 1st period - Shot Blocked by Jesper Boqvist.
13:56 of 1st period - Slapshot by Jaycob Megna.
13:56 of 1st period - Shot Misses the Net.
13:58 of 1st period - Snap shot by Ryan Poehling.
13:58 of 1st period - Shot Misses the Net.
14:00 of 1st period - Snap shot by Ryan Poehling.
14:00 of 1st period - Shot Blocked by Wyatt Kalynuk.
14:04 of 1st period - Wrist shot by Ryan Poehling.
14:04 of 1st period - Goal by Ryan Poehling - Santa Cruz Tiger Sharks : 1 - Ste. Rose Royals : 1.
14:05 of 1st period - Noel Acciari wins face-off versus Jack Roslovic in neutral zone.
14:32 of 1st period - Jaycob Megna is hit by Michael McLeod and loses puck.
15:21 of 1st period - Jack Roslovic is hit by Noel Acciari.
16:18 of 1st period - Snap shot by Alexander Volkov.
16:18 of 1st period - Stopped by Chris Driedger without a rebound.
16:19 of 1st period - Jack Roslovic wins face-off versus Derek Ryan in Ste. Rose Royals zone.
16:22 of 1st period - Wrist shot by Zach Sanford.
16:22 of 1st period - Stopped by Chris Driedger with a rebound.
16:44 of 1st period - Ryan Poehling is hit by Alexander Volkov and loses puck.
17:13 of 1st period - Klim Kostin is hit by Evgeny Svechnikov and loses puck.
18:10 of 1st period - Wyatt Kalynuk is hit by Brendan Perlini and loses puck.
19:01 of 1st period - Kailer Yamamoto is hit by Klim Kostin and loses puck.
19:12 of 1st period - Zach Sanford is hit by Nathan Beaulieu and loses puck.
19:21 of 1st period - Kailer Yamamoto is hit by Grigori Denisenko and loses puck.
19:32 of 1st period - Mike Reilly is hit by Travis Boyd.
19:59 of 1st period - Hunter Drew is hit by Ryan Poehling and loses puck.
Goals for this period are 1 for Santa Cruz Tiger Sharks vs 1 for Ste. Rose Royals.
Shots for this period are 11 for Santa Cruz Tiger Sharks vs 7 for Ste. Rose Royals.
2nd period
0:01 of 2nd period - Michael McLeod wins face-off versus Noel Acciari in neutral zone.
1:04 of 2nd period - Grigori Denisenko is hit by Kevin Rooney and loses puck.
1:32 of 2nd period - Snap shot by Kaapo Kakko.
1:32 of 2nd period - Shot Blocked by Wyatt Kalynuk.
1:34 of 2nd period - Snap shot by Kaapo Kakko.
1:34 of 2nd period - Stopped by Mikhail Berdin with a rebound.
2:18 of 2nd period - Wrist shot by Evgeny Svechnikov.
2:18 of 2nd period - Deflect By David Gustafsson.
2:18 of 2nd period - Stopped by Chris Driedger with a rebound.
2:57 of 2nd period - Wrist shot by Kailer Yamamoto.
2:57 of 2nd period - Stopped by Chris Driedger with a rebound.
2:59 of 2nd period - Slapshot by Kailer Yamamoto.
2:59 of 2nd period - Stopped by Chris Driedger with a rebound.
3:11 of 2nd period - Wrist shot by Trevor Lewis.
3:11 of 2nd period - Deflect By Noel Acciari.
3:11 of 2nd period - Shot Blocked by Sean Day.
3:11 of 2nd period - Puck is out of play.
3:12 of 2nd period - Michael McLeod wins face-off versus Noel Acciari in Santa Cruz Tiger Sharks zone.
3:41 of 2nd period - Snap shot by Klim Kostin.
3:41 of 2nd period - Stopped by Mikhail Berdin with a rebound.
4:11 of 2nd period - Wrist shot by Joel Armia.
4:11 of 2nd period - Stopped by Mikhail Berdin with a rebound.
4:25 of 2nd period - Travis Boyd is hit by Klim Kostin and loses puck.
5:21 of 2nd period - Snap shot by David Gustafsson.
5:21 of 2nd period - Stopped by Chris Driedger with a rebound.
5:23 of 2nd period - Slapshot by Tobias Bjornfot.
5:23 of 2nd period - Shot Misses the Net.
5:25 of 2nd period - Slapshot by Austin Strand.
5:25 of 2nd period - Stopped by Chris Driedger without a rebound.
5:26 of 2nd period - Derek Ryan wins face-off versus David Gustafsson in Ste. Rose Royals zone.
5:33 of 2nd period - Snap shot by Derek Ryan.
5:33 of 2nd period - Deflect By Colin Blackwell.
5:33 of 2nd period - Shot Misses the Net.
5:33 of 2nd period - Puck is out of play.
5:34 of 2nd period - Kaapo Kakko wins face-off versus Jack Roslovic in Santa Cruz Tiger Sharks zone.
5:47 of 2nd period - Slapshot by Derek Ryan.
5:47 of 2nd period - Stopped by Mikhail Berdin with a rebound.
5:49 of 2nd period - Snap shot by Kaapo Kakko.
5:49 of 2nd period - Shot Misses the Net.
5:59 of 2nd period - Snap shot by Matthew Peca.
5:59 of 2nd period - Stopped by Mikhail Berdin without a rebound.
6:00 of 2nd period - Michael McLeod wins face-off versus Matthew Peca in Santa Cruz Tiger Sharks zone.
6:27 of 2nd period - Off-side.
6:28 of 2nd period - Kevin Rooney wins face-off versus Noel Acciari in neutral zone.
6:31 of 2nd period - Snap shot by Alexander Volkov.
6:31 of 2nd period - Shot Misses the Net.
7:20 of 2nd period - Snap shot by Ryan Poehling.
7:20 of 2nd period - Stopped by Mikhail Berdin without a rebound.
7:21 of 2nd period - Jack Roslovic wins face-off versus Noel Acciari in Santa Cruz Tiger Sharks zone.
7:53 of 2nd period - Wrist shot by Travis Boyd.
7:53 of 2nd period - Shot Misses the Net.
7:55 of 2nd period - Snap shot by Michael McLeod.
7:55 of 2nd period - Shot Hit the Post.
8:27 of 2nd period - Snap shot by Joel Armia.
8:27 of 2nd period - Stopped by Mikhail Berdin with a rebound.
8:29 of 2nd period - Slapshot by Greg Pateryn.
8:29 of 2nd period - Stopped by Mikhail Berdin with a rebound.
8:31 of 2nd period - Slapshot by Greg Pateryn.
8:31 of 2nd period - Stopped by Mikhail Berdin without a rebound.
8:32 of 2nd period - David Gustafsson wins face-off versus Noel Acciari in Santa Cruz Tiger Sharks zone.
8:59 of 2nd period - Wrist shot by David Gustafsson.
8:59 of 2nd period - Goal by David Gustafsson - Santa Cruz Tiger Sharks : 2 - Ste. Rose Royals : 1.
9:00 of 2nd period - Noel Acciari wins face-off versus Michael McLeod in neutral zone.
9:00 of 2nd period - Noel Acciari and Wyatt Kalynuk fight to a draw.
9:00 of 2nd period - Penalty to Noel Acciari for Fighting.
9:00 of 2nd period - Penalty to Wyatt Kalynuk for Fighting.
9:01 of 2nd period - Michael McLeod wins face-off versus Kristian Vesalainen in neutral zone.
9:01 of 2nd period - Michael McLeod is hit by Joel Armia.
9:17 of 2nd period - Snap shot by Jesper Boqvist.
9:17 of 2nd period - Shot Hit the Post.
9:34 of 2nd period - Wrist shot by Colin Blackwell.
9:34 of 2nd period - Stopped by Mikhail Berdin with a rebound.
9:36 of 2nd period - Snap shot by Jaycob Megna.
9:36 of 2nd period - Stopped by Mikhail Berdin with a rebound.
9:38 of 2nd period - Slapshot by Mike Reilly.
9:38 of 2nd period - Deflect By Jack Roslovic.
9:38 of 2nd period - Stopped by Mikhail Berdin without a rebound.
9:39 of 2nd period - Michael McLeod wins face-off versus Grigori Denisenko in Santa Cruz Tiger Sharks zone.
10:43 of 2nd period - Slapshot by David Gustafsson.
10:43 of 2nd period - Stopped by Chris Driedger with a rebound.
10:49 of 2nd period - Slapshot by David Gustafsson.
10:49 of 2nd period - Shot Blocked by Matthew Peca.
10:51 of 2nd period - Slapshot by Steven Lorentz.
10:51 of 2nd period - Shot Misses the Net.
10:53 of 2nd period - Slapshot by David Gustafsson.
10:53 of 2nd period - Stopped by Chris Driedger without a rebound.
10:54 of 2nd period - Kailer Yamamoto wins face-off versus Kristian Vesalainen in Ste. Rose Royals zone.
11:03 of 2nd period - Wrist shot by Kailer Yamamoto.
11:03 of 2nd period - Stopped by Chris Driedger without a rebound.
11:04 of 2nd period - Jack Roslovic wins face-off versus Kristian Vesalainen in Ste. Rose Royals zone.
11:39 of 2nd period - Snap shot by Kailer Yamamoto.
11:39 of 2nd period - Shot Blocked by Nathan Beaulieu.
11:41 of 2nd period - Slapshot by Jack Roslovic.
11:41 of 2nd period - Stopped by Chris Driedger without a rebound.
11:42 of 2nd period - Jesper Boqvist wins face-off versus Kristian Vesalainen in Ste. Rose Royals zone.
11:56 of 2nd period - Icing by Calle Rosen.
11:57 of 2nd period - Travis Boyd wins face-off versus Kristian Vesalainen in Santa Cruz Tiger Sharks zone.
12:10 of 2nd period - Jaycob Megna is hit by Hunter Drew and loses puck.
12:49 of 2nd period - Brendan Perlini is hit by Tobias Bjornfot and loses puck.
13:00 of 2nd period - Snap shot by Matthew Peca.
13:00 of 2nd period - Stopped by Mikhail Berdin with a rebound.
13:12 of 2nd period - Joel Armia is hit by David Gustafsson and loses puck.
13:23 of 2nd period - Snap shot by David Gustafsson.
13:23 of 2nd period - Shot Misses the Net.
13:29 of 2nd period - Minor Penalty to Mark Borowiecki for Holding.
13:30 of 2nd period - Michael McLeod wins face-off versus Trevor Lewis in Ste. Rose Royals zone.
13:31 of 2nd period - Wrist shot by Jesper Boqvist.
13:31 of 2nd period - Stopped by Chris Driedger without a rebound.
13:32 of 2nd period - Ryan Poehling wins face-off versus Michael McLeod in Ste. Rose Royals zone.
13:45 of 2nd period - Snap shot by Jesper Boqvist.
13:45 of 2nd period - Stopped by Chris Driedger with a rebound.
14:00 of 2nd period - Penalty to Noel Acciari is over, Noel Acciari is back on ice.
15:29 of 2nd period - Penalty to Mark Borowiecki is over, Mark Borowiecki is back on ice.
16:02 of 2nd period - Slapshot by David Gustafsson.
16:02 of 2nd period - Stopped by Chris Driedger with a rebound.
16:14 of 2nd period - Kieffer Bellows is hit by Joel Hanley and loses puck.
17:05 of 2nd period - Jack Roslovic is hit by Grigori Denisenko and loses puck.
18:14 of 2nd period - Greg Pateryn is hit by Steven Lorentz and loses puck.
Goals for this period are 1 for Santa Cruz Tiger Sharks vs 0 for Ste. Rose Royals.
Shots for this period are 13 for Santa Cruz Tiger Sharks vs 13 for Ste. Rose Royals.
3rd period
0:01 of 3rd period - Noel Acciari wins face-off versus Michael McLeod in neutral zone.
0:10 of 3rd period - Wrist shot by Jesper Boqvist.
0:10 of 3rd period - Deflect By Travis Boyd.
0:10 of 3rd period - Stopped by Chris Driedger with a rebound.
0:12 of 3rd period - Backhand shot by Sean Day.
0:12 of 3rd period - Shot Misses the Net.
0:14 of 3rd period - Slapshot by Michael McLeod.
0:14 of 3rd period - Santa Cruz Tiger Sharks goal is going for a video replay.
0:14 of 3rd period - The goal is good.
0:14 of 3rd period - Goal by Michael McLeod - Santa Cruz Tiger Sharks : 3 - Ste. Rose Royals : 1.
0:15 of 3rd period - Michael McLeod wins face-off versus Noel Acciari in neutral zone.
0:22 of 3rd period - Slapshot by Jesper Boqvist.
0:22 of 3rd period - Deflect By Michael McLeod.
0:22 of 3rd period - Stopped by Chris Driedger with a rebound.
0:24 of 3rd period - Wrist shot by Austin Strand.
0:24 of 3rd period - Shot Hit the Post.
0:26 of 3rd period - Slapshot by Tobias Bjornfot.
0:26 of 3rd period - Stopped by Chris Driedger without a rebound.
0:27 of 3rd period - Noel Acciari wins face-off versus Michael McLeod in Ste. Rose Royals zone.
0:40 of 3rd period - Snap shot by Trevor Lewis.
0:40 of 3rd period - Stopped by Mikhail Berdin with a rebound.
0:42 of 3rd period - Snap shot by Trevor Lewis.
0:42 of 3rd period - Goal by Trevor Lewis - Santa Cruz Tiger Sharks : 3 - Ste. Rose Royals : 2.
0:43 of 3rd period - Noel Acciari wins face-off versus Jack Roslovic in neutral zone.
1:09 of 3rd period - Austin Strand is hit by Colin Blackwell and loses puck.
1:28 of 3rd period - Wrist shot by Evgeny Svechnikov.
1:28 of 3rd period - Stopped by Chris Driedger without a rebound.
1:29 of 3rd period - Noel Acciari wins face-off versus Steven Lorentz in Ste. Rose Royals zone.
2:20 of 3rd period - Mark Borowiecki is hit by Alexander Volkov and loses puck.
2:58 of 3rd period - Joel Armia is hit by Hunter Drew.
3:32 of 3rd period - Jaycob Megna is hit by Evgeny Svechnikov and loses puck.
3:59 of 3rd period - Snap shot by Derek Ryan.
3:59 of 3rd period - Deflect By Jesper Boqvist.
3:59 of 3rd period - Stopped by Mikhail Berdin with a rebound.
4:05 of 3rd period - Snap shot by Kaapo Kakko.
4:05 of 3rd period - Shot Blocked by Travis Boyd.
5:02 of 3rd period - Slapshot by Steven Lorentz.
5:02 of 3rd period - Deflect By Matthew Peca.
5:02 of 3rd period - Shot Blocked by Mark Borowiecki.
5:02 of 3rd period - Puck is out of play.
5:03 of 3rd period - Matthew Peca wins face-off versus Michael McLeod in Ste. Rose Royals zone.
5:12 of 3rd period - Wrist shot by Matthew Peca.
5:12 of 3rd period - Stopped by Mikhail Berdin with a rebound.
5:14 of 3rd period - Slapshot by Mark Borowiecki.
5:14 of 3rd period - Shot Misses the Net.
5:28 of 3rd period - Snap shot by Kailer Yamamoto.
5:28 of 3rd period - Stopped by Chris Driedger with a rebound.
5:32 of 3rd period - Slapshot by Kailer Yamamoto.
5:32 of 3rd period - Shot Misses the Net.
5:34 of 3rd period - Snap shot by Austin Strand.
5:34 of 3rd period - Shot Misses the Net.
5:48 of 3rd period - Snap shot by Kevin Rooney.
5:48 of 3rd period - Shot Misses the Net.
6:12 of 3rd period - Snap shot by Evgeny Svechnikov.
6:12 of 3rd period - Stopped by Chris Driedger without a rebound.
6:13 of 3rd period - David Gustafsson wins face-off versus Derek Ryan in Ste. Rose Royals zone.
6:25 of 3rd period - Wrist shot by Evgeny Svechnikov.
6:25 of 3rd period - Stopped by Chris Driedger with a rebound.
6:27 of 3rd period - Snap shot by Steven Lorentz.
6:27 of 3rd period - Stopped by Chris Driedger without a rebound.
6:28 of 3rd period - Ryan Poehling wins face-off versus Jack Roslovic in Ste. Rose Royals zone.
7:04 of 3rd period - Slapshot by Jesper Boqvist.
7:04 of 3rd period - Stopped by Chris Driedger with a rebound.
7:28 of 3rd period - Snap shot by Kieffer Bellows.
7:28 of 3rd period - Stopped by Chris Driedger with a rebound.
7:42 of 3rd period - Wrist shot by David Gustafsson.
7:42 of 3rd period - Shot Misses the Net.
8:16 of 3rd period - Mark Borowiecki is hit by Jesper Boqvist and loses puck.
9:17 of 3rd period - Slapshot by Greg Pateryn.
9:17 of 3rd period - Stopped by Mikhail Berdin with a rebound.
9:19 of 3rd period - Slapshot by Greg Pateryn.
9:19 of 3rd period - Stopped by Mikhail Berdin with a rebound.
9:29 of 3rd period - Brendan Perlini is hit by Travis Boyd.
10:54 of 3rd period - Snap shot by Kevin Rooney.
10:54 of 3rd period - Stopped by Chris Driedger with a rebound.
11:02 of 3rd period - Snap shot by Brendan Perlini.
11:02 of 3rd period - Stopped by Mikhail Berdin without a rebound.
11:03 of 3rd period - Jack Roslovic wins face-off versus Matthew Peca in Santa Cruz Tiger Sharks zone.
11:40 of 3rd period - Michael McLeod is hit by Jaycob Megna.
12:01 of 3rd period - Snap shot by Kieffer Bellows.
12:01 of 3rd period - Stopped by Chris Driedger with a rebound.
12:11 of 3rd period - Kevin Rooney is hit by Mark Borowiecki and loses puck.
12:18 of 3rd period - Wrist shot by Alexander Volkov.
12:18 of 3rd period - Stopped by Chris Driedger with a rebound.
12:20 of 3rd period - Slapshot by Sean Day.
12:20 of 3rd period - Stopped by Chris Driedger with a rebound.
12:22 of 3rd period - Wrist shot by Kevin Rooney.
12:22 of 3rd period - Shot Blocked by Greg Pateryn.
12:24 of 3rd period - Slapshot by Calle Rosen.
12:24 of 3rd period - Deflect By Kaapo Kakko.
12:24 of 3rd period - Stopped by Chris Driedger with a rebound.
12:32 of 3rd period - Wrist shot by Greg Pateryn.
12:32 of 3rd period - Shot Misses the Net.
12:42 of 3rd period - Kaapo Kakko is hit by Kevin Rooney and loses puck.
12:49 of 3rd period - Snap shot by Kieffer Bellows.
12:49 of 3rd period - Shot Hit the Post.
12:51 of 3rd period - Slapshot by Kieffer Bellows.
12:51 of 3rd period - Stopped by Chris Driedger with a rebound.
12:59 of 3rd period - Snap shot by Kieffer Bellows.
12:59 of 3rd period - Shot Misses the Net.
13:01 of 3rd period - Wrist shot by Kieffer Bellows.
13:01 of 3rd period - Stopped by Chris Driedger with a rebound.
13:11 of 3rd period - Wrist shot by Kevin Rooney.
13:11 of 3rd period - Stopped by Chris Driedger without a rebound.
13:12 of 3rd period - Michael McLeod wins face-off versus Noel Acciari in Ste. Rose Royals zone.
13:33 of 3rd period - Minor Penalty to Noel Acciari for Hooking.
13:34 of 3rd period - Jack Roslovic wins face-off versus Ryan Poehling in Ste. Rose Royals zone.
14:09 of 3rd period - Minor Penalty to Jesper Boqvist for Slashing.
14:10 of 3rd period - Jack Roslovic wins face-off versus Kristian Vesalainen in Santa Cruz Tiger Sharks zone.
14:35 of 3rd period - Trevor Lewis is hit by Tobias Bjornfot and loses puck.
15:10 of 3rd period - Wrist shot by Ryan Poehling.
15:10 of 3rd period - Shot Misses the Net.
15:33 of 3rd period - Penalty to Noel Acciari is over, Noel Acciari is back on ice.
15:40 of 3rd period - Snap shot by Alexander Volkov.
15:40 of 3rd period - Shot Blocked by Noel Acciari.
15:42 of 3rd period - Snap shot by Tobias Bjornfot.
15:42 of 3rd period - Stopped by Chris Driedger without a rebound.
15:43 of 3rd period - Derek Ryan wins face-off versus Kevin Rooney in Ste. Rose Royals zone.
15:48 of 3rd period - Snap shot by Greg Pateryn.
15:48 of 3rd period - Deflect By Colin Blackwell.
15:48 of 3rd period - Stopped by Mikhail Berdin with a rebound.
16:09 of 3rd period - Penalty to Jesper Boqvist is over, Jesper Boqvist is back on ice.
16:24 of 3rd period - Michael McLeod is hit by Mike Reilly.
16:46 of 3rd period - Nathan Beaulieu is hit by Wyatt Kalynuk and loses puck.
16:55 of 3rd period - Slapshot by Kieffer Bellows.
16:55 of 3rd period - Stopped by Chris Driedger without a rebound.
16:56 of 3rd period - Kieffer Bellows wins face-off versus Noel Acciari in Ste. Rose Royals zone.
18:26 of 3rd period - Alexander Volkov is hit by Nathan Beaulieu and loses puck.
18:51 of 3rd period - Snap shot by Michael McLeod.
18:51 of 3rd period - Shot Blocked by Derek Ryan.
19:01 of 3rd period - Ste. Rose Royals, Chris Driedger is pulled from the net.
19:01 of 3rd period - Snap shot by Colin Blackwell.
19:01 of 3rd period - Shot Misses the Net.
19:03 of 3rd period - Wrist shot by Trevor Lewis.
19:03 of 3rd period - Deflect By Joel Armia.
19:03 of 3rd period - Shot Misses the Net.
19:03 of 3rd period - Puck is out of play.
19:04 of 3rd period - Dean Evason call a timeout for Ste. Rose Royals.
19:04 of 3rd period - Kevin Rooney wins face-off versus Noel Acciari in Santa Cruz Tiger Sharks zone.
19:06 of 3rd period - Minor Penalty to Hunter Drew for Hooking.
19:07 of 3rd period - Noel Acciari wins face-off versus David Gustafsson in Santa Cruz Tiger Sharks zone.
19:07 of 3rd period - Snap shot by Joel Armia.
19:07 of 3rd period - Deflect By Trevor Lewis.
19:07 of 3rd period - Shot Misses the Net.
19:07 of 3rd period - Puck is out of play.
19:08 of 3rd period - David Gustafsson wins face-off versus Noel Acciari in Santa Cruz Tiger Sharks zone.
19:19 of 3rd period - Snap shot by David Gustafsson.
19:19 of 3rd period - Shot Misses the Net.
19:42 of 3rd period - Slapshot by Derek Ryan.
19:42 of 3rd period - Goal by Derek Ryan - Santa Cruz Tiger Sharks : 3 - Ste. Rose Royals : 3.
19:42 of 3rd period - Chris Driedger from Ste. Rose Royals was sent back in the game.
19:43 of 3rd period - Kevin Rooney wins face-off versus Noel Acciari in neutral zone.
Goals for this period are 1 for Santa Cruz Tiger Sharks vs 2 for Ste. Rose Royals.
Shots for this period are 21 for Santa Cruz Tiger Sharks vs 9 for Ste. Rose Royals.
Overtime #1
0:01 of 1st overtime period - Michael McLeod wins face-off versus Noel Acciari in neutral zone.
0:36 of 1st overtime period - Noel Acciari is hit by Jack Roslovic and loses puck.
0:55 of 1st overtime period - Icing by Joel Armia.
0:56 of 1st overtime period - Jack Roslovic wins face-off versus Derek Ryan in Ste. Rose Royals zone.
1:35 of 1st overtime period - Slapshot by Greg Pateryn.
1:35 of 1st overtime period - Stopped by Mikhail Berdin without a rebound.
1:36 of 1st overtime period - Michael McLeod wins face-off versus Kristian Vesalainen in Santa Cruz Tiger Sharks zone.
2:03 of 1st overtime period - Mark Borowiecki is hit by Kailer Yamamoto and loses puck.
2:16 of 1st overtime period - Slapshot by Zach Sanford.
2:16 of 1st overtime period - Stopped by Chris Driedger with a rebound.
2:18 of 1st overtime period - Slapshot by Sean Day.
2:18 of 1st overtime period - Shot Misses the Net.
2:20 of 1st overtime period - Snap shot by Zach Sanford.
2:20 of 1st overtime period - Shot Misses the Net.
3:21 of 1st overtime period - Jaycob Megna is hit by David Gustafsson and loses puck.
3:55 of 1st overtime period - Wyatt Kalynuk is hit by Matthew Peca and loses puck.
4:02 of 1st overtime period - Wrist shot by Matthew Peca.
4:02 of 1st overtime period - Stopped by Mikhail Berdin with a rebound.
Goals for this period are 0 for Santa Cruz Tiger Sharks vs 0 for Ste. Rose Royals.
Shots for this period are 1 for Santa Cruz Tiger Sharks vs 2 for Ste. Rose Royals.
ShootOut
5:00 of 1st overtime period - Round #1.
5:00 of 1st overtime period - Santa Cruz Tiger Sharks, Jack Roslovic.
5:00 of 1st overtime period - Deke by Jack Roslovic.
5:00 of 1st overtime period - Stopped by Chris Driedger.
5:00 of 1st overtime period - Ste. Rose Royals, Noel Acciari.
5:00 of 1st overtime period - Wrist shot by Noel Acciari.
5:00 of 1st overtime period - Goal by Noel Acciari.
5:00 of 1st overtime period - Round #2.
5:00 of 1st overtime period - Santa Cruz Tiger Sharks, Kailer Yamamoto.
5:00 of 1st overtime period - Backhand shot by Kailer Yamamoto.
5:00 of 1st overtime period - Stopped by Chris Driedger.
5:00 of 1st overtime period - Ste. Rose Royals, Trevor Lewis.
5:00 of 1st overtime period - Snap shot by Trevor Lewis.
5:00 of 1st overtime period - Stopped by Mikhail Berdin.
5:00 of 1st overtime period - Round #3.
5:00 of 1st overtime period - Santa Cruz Tiger Sharks, Michael McLeod.
5:00 of 1st overtime period - Snap shot by Michael McLeod.
5:00 of 1st overtime period - Stopped by Chris Driedger.
Back to the Top